[Event "Titled Tuesday Blitz March 21 Early 2023"]
[White "Hamitevici, Vladimir"]
[Black "Delorme, Alban"]
[WhiteFideId "13902393"]
[BlackFideId "623636"]
[WhiteElo "2401"]
[BlackElo "2196"]
[Result "1-0"]
[Round "07"]
[TimeControl "180+2"]
[Date "2023.03.21"]
[WhiteClock "0:01:31"]
[BlackClock "0:00:32"]

1. Nf3 Nf6 2. g3 g6 3. Bg2 Bg7 4. O-O O-O 5. a4 d5 6. a5 c5 7. c3 Nc6 8. Qa4 e5 9. d3 Re8 10. a6 Qc7 11. axb7 Bxb7 12. Bg5 e4 13. dxe4 Nxe4 14. Bf4 Qd7 15. Rd1 Rad8 16. Nbd2 Nxd2 17. Rxd2 a6 18. h4 d4 19. cxd4 Nxd4 20. Nxd4 Qxa4 21. Rxa4 Bxg2 22. Kxg2 Rxd4 23. Rdxd4 Bxd4 24. e3 Bxb2 25. Rxa6 c4 26. Rc6 c3 27. Bg5 h5 28. Bf6 Re6 29. Rc8+ Re8 30. Rxe8+ 1-0


[Site "https://www.chess.com"]

[Event "Titled Tuesday Blitz March 21 Early 2023"]
[White "Golubev, Mikhail"]
[Black "Darini, Pouria"]
[WhiteFideId "14100983"]
[BlackFideId "12502200"]
[WhiteElo "2374"]
[BlackElo "2482"]
[Result "0-1"]
[Round "07"]
[TimeControl "180+2"]
[Date "2023.03.21"]
[WhiteClock "0:00:01"]
[BlackClock "0:00:36"]

1. e4 c5 2. Nf3 Nc6 3. Nc3 d6 4. d4 cxd4 5. Nxd4 Nf6 6. Bc4 e6 7. Be3 a6 8. Bb3 Bd7 9. f4 b5 10. f5 Na5 11. fxe6 fxe6 12. Bxe6 Nc4 13. Bxd7+ Qxd7 14. Bc1 d5 15. Nxd5 Nxd5 16. exd5 Bc5 17. O-O Qxd5 18. Re1+ Kf7 19. Rf1+ Kg8 20. c3 Rd8 21. b3 Nd6 22. Be3 h6 23. Qd3 Qe4 24. Rad1 Kh7 25. Rf4 Qxd3 26. Rxd3 Rhe8 27. g3 Ne4 28. Kg2 Bb6 29. Rf3 b4 30. cxb4 Nf6 31. Bg1 Re1 32. Bf2 Ra1 33. Nf5 Rxd3 34. Rxd3 Rxa2 35. Rf3 Ng4 36. Rf4 Nxf2 0-1


[Site "https://www.chess.com"]

[Event "Titled Tuesday Blitz March 21 Early 2023"]
[White "Starozhilov, Leonid"]
[Black "Miszler, Levente"]
[WhiteFideId "14106752"]
[BlackFideId "763276"]
[WhiteElo "2402"]
[BlackElo "2176"]
[Result "1/2-1/2"]
[Round "07"]
[TimeControl "180+2"]
[Date "2023.03.21"]
[WhiteClock "0:01:11"]
[BlackClock "0:01:38"]

1. b3 Nf6 2. Bb2 g6 3. Bxf6 exf6 4. c4 f5 5. Nc3 Bg7 6. Rc1 O-O 7. g3 d6 8. Bg2 c6 9. Nh3 Nd7 10. O-O Nf6 11. d4 d5 12. cxd5 cxd5 13. Nf4 Be6 14. e3 Ne4 15. Nxe4 fxe4 16. Nxe6 fxe6 17. Bh3 Qd6 18. Qg4 Rf6 19. Rc2 Raf8 20. Rfc1 e5 21. dxe5 Qxe5 22. Rc8 Rxf2 23. Qe6+ Kh8 24. Rxf8+ Rxf8 25. Rd1 d4 26. Qxe5 Bxe5 27. exd4 Bd6 28. Bg2 Re8 29. Re1 Bc7 30. Rxe4 Rxe4 31. Bxe4 Bb6 32. Bxb7 Bxd4+ 33. Kg2 Kg7 34. Kf3 Kf6 35. Ke4 Bg1 36. h3 Ke6 37. Bd5+ Kd6 38. Bg8 h6 39. Bf7 g5 40. Kf5 Bf2 41. g4 Kc5 42. Kg6 Kb4 43. a4 a5 44. Kxh6 Bh4 45. Kg6 Kc5 46. Bc4 Kb4 47. Kf5 Kc5 48. Ke5 Kb4 49. Kd5 Bf2 50. Kc6 Bh4 51. Kb7 Bg3 52. Ka6 Bh4 53. Bg8 Bg3 54. Kb6 Bh4 55. Kc6 Bg3 56. Kd7 Bh4 1/2-1/2


[Site "https://www.chess.com"]

[Event "Titled Tuesday Blitz March 21 Early 2023"]
[White "Rottenwohrer Suarez, Juan"]
[Black "Belozerov, Andrei"]
[WhiteFideId "32068182"]
[BlackFideId "4120213"]
[WhiteElo "2174"]
[BlackElo "2360"]
[Result "0-1"]
[Round "07"]
[TimeControl "180+2"]
[Date "2023.03.21"]
[WhiteClock "0:00:02"]
[BlackClock "0:00:02"]

1. e4 c5 2. Nf3 Nc6 3. d4 cxd4 4. Nxd4 g6 5. c4 Bg7 6. Be3 Nf6 7. Nc3 d6 8. Be2 O-O 9. O-O Nxd4 10. Bxd4 a5 11. h3 Bd7 12. Qc2 Bc6 13. Rad1 Nd7 14. Bxg7 Kxg7 15. Bg4 Ne5 16. c5 a4 17. a3 Ra5 18. cxd6 exd6 19. Be2 Qc7 20. Qd2 Rd8 21. f4 Nd7 22. Qxd6 Qb6+ 23. Qd4+ Qxd4+ 24. Rxd4 Re8 25. Bf3 g5 26. fxg5 Rxg5 27. Nxa4 Ne5 28. Nc3 Rg8 29. Rd2 Kf6 30. Bg4+ Ke7 31. Bf5 h5 32. Kh2 h4 33. Nd5+ Bxd5 34. exd5 Kd6 35. Be4 R8g7 36. Rf6+ Ke7 37. Rb6 f5 38. Rxb7+ Kd6 39. Rxg7 Rxg7 40. Bxf5 Rc7 41. Be6 Rc1 42. Rf2 Rb1 43. g3 Nd3 44. Rd2 hxg3+ 45. Kg2 Nxb2 46. Kxg3 Nc4 47. Rh2 Rb3+ 48. Kg4 Ne5+ 49. Kh5 Rxa3 50. h4 Ra8 51. Rh3 Rh8+ 52. Kg5 Ke7 53. h5 Rf8 54. h6 Rf1 55. h7 Rg1+ 56. Kf5 Ng6 0-1


[Site "https://www.chess.com"]

[Event "Titled Tuesday Blitz March 21 Early 2023"]
[White "Aggelis, Nikolaos"]
[Black "Belov, Alexei"]
[WhiteFideId "4213220"]
[BlackFideId "4128206"]
[WhiteElo "2189"]
[BlackElo "2487"]
[Result "1-0"]
[Round "07"]
[TimeControl "180+2"]
[Date "2023.03.21"]
[WhiteClock "0:00:15"]
[BlackClock "0:00:02"]

1. d4 e6 2. g3 Nf6 3. Bg2 d5 4. Nf3 Be7 5. O-O O-O 6. c4 dxc4 7. Qc2 a6 8. a4 Bd7 9. Qxc4 Bc6 10. Bf4 Nbd7 11. Nc3 Nb6 12. Qd3 Nbd5 13. Rfe1 Nxc3 14. bxc3 Be4 15. Qc4 Nd5 16. Ne5 Bxg2 17. Kxg2 c5 18. Red1 Rc8 19. Qb3 cxd4 20. cxd4 Rc7 21. a5 Bd6 22. Qf3 f6 23. Nd3 Nc3 24. Rdc1 e5 25. dxe5 fxe5 26. Rxc3 Rxc3 27. Qd5+ Kh8 28. Nxe5 Bxe5 29. Qxe5 Rc2 30. Rb1 Qd7 31. Qe4 Qc6 32. Qxc6 bxc6 33. Rb6 Ra8 34. Rb7 Rc5 35. Bc7 h6 36. Bb6 Rc4 37. e3 Rg4 38. Rc7 Rg6 39. h4 h5 40. e4 Re8 41. Ra7 Rxe4 42. Rxa6 c5 43. Ra7 Kh7 44. Rc7 c4 45. Rc5 Rf6 46. Rxh5+ Kg8 47. Rc5 Re2 48. Rxc4 Ra2 49. Rc7 1-0


[Site "https://www.chess.com"]

[Event "Titled Tuesday Blitz March 21 Early 2023"]
[White "Fromm, Marius"]
[Black "Dudzinski, Pawel"]
[WhiteFideId "12993190"]
[BlackFideId "1117890"]
[WhiteElo "2325"]
[BlackElo "2099"]
[Result "0-1"]
[Round "07"]
[TimeControl "180+2"]
[Date "2023.03.21"]
[WhiteClock "0:00:26"]
[BlackClock "0:00:26"]

1. e4 c6 2. d4 d5 3. exd5 cxd5 4. Bd3 Nc6 5. c3 g6 6. Nf3 Bg7 7. O-O Nf6 8. Re1 Bf5 9. Bf1 O-O 10. Bf4 a6 11. Nbd2 b5 12. h3 b4 13. Ne5 Nxe5 14. dxe5 Nd7 15. cxb4 Qb8 16. a3 Bxe5 17. Bh6 Re8 18. Nf3 Bxb2 19. Qxd5 Nf6 20. Qa2 Bxa1 21. Qxa1 Qd6 22. Ne5 Nd5 23. Nxf7 Qf6 24. Ne5 g5 25. Bc4 e6 26. Ng4 Bxg4 27. Qxf6 Nxf6 28. hxg4 Kf7 29. f3 Kg6 30. Bxg5 Kxg5 31. Bxe6 Kh6 32. f4 Nxg4 0-1


[Site "https://www.chess.com"]

[Event "Titled Tuesday Blitz March 21 Early 2023"]
[White "Ozates, Tuna"]
[Black "Tarasova, Viktoriya"]
[WhiteFideId "6354521"]
[BlackFideId "4175840"]
[WhiteElo "2151"]
[BlackElo "2182"]
[Result "0-1"]
[Round "07"]
[TimeControl "180+2"]
[Date "2023.03.21"]
[WhiteClock "0:00:10"]
[BlackClock "0:00:03"]

1. d4 Nf6 2. c4 e6 3. Nf3 b6 4. g3 Ba6 5. Qc2 c5 6. d5 Bb7 7. Bg2 exd5 8. cxd5 Nxd5 9. O-O Be7 10. Rd1 Nc6 11. a3 Nf6 12. e4 Qc7 13. Bf4 d6 14. Nc3 a6 15. Rd2 O-O 16. Rad1 Ne5 17. Nxe5 dxe5 18. Bg5 Rad8 19. Bxf6 Bxf6 20. Nd5 Bxd5 21. exd5 Rd6 22. Be4 h6 23. Qc4 b5 24. Qe2 Rfd8 25. Qf3 Be7 26. h4 g6 27. Bb1 f5 28. Qe3 Bf6 29. Qxh6 Bg7 30. Qe3 c4 31. h5 Qf7 32. hxg6 Qxg6 33. a4 Re8 34. axb5 Bh6 35. Qc5 Bxd2 36. Rxd2 axb5 37. Qxb5 Rc8 38. Re2 e4 39. Ba2 c3 40. bxc3 f4 41. Qb7 Rxc3 42. Qb8+ Kh7 43. Qa7+ Kh6 44. Re1 fxg3 45. Kf1 gxf2 46. Qxf2 Rf3 47. Bb1 Rxf2+ 48. Kxf2 Qf6+ 49. Ke2 Qe5 50. Ke3 Rxd5 51. Bxe4 Qd4+ 52. Kf4 Re5 53. Rh1+ Kg7 54. Rh7+ Kf8 55. Rh8+ Ke7 56. Rh7+ Kd6 57. Rh6+ Kc5 58. Rc6+ Kb4 0-1


[Site "https://www.chess.com"]

[Event "Titled Tuesday Blitz March 21 Early 2023"]
[White "Ordekalog"]
[Black "Escanor89"]
[WhiteElo "2577"]
[BlackElo "2430"]
[Result "1-0"]
[Round "07"]
[TimeControl "180+2"]
[Date "2023.03.21"]
[WhiteClock "0:00:03"]
[BlackClock "0:00:02"]

1. e4 c5 2. d3 Nc6 3. g3 g6 4. Bg2 Bg7 5. f4 d6 6. Nf3 Nf6 7. O-O O-O 8. c3 Rb8 9. a4 a6 10. Qe2 Nd7 11. Be3 b5 12. axb5 axb5 13. d4 e6 14. Nbd2 b4 15. Nc4 Qc7 16. e5 cxd4 17. cxd4 dxe5 18. dxe5 Ne7 19. Rfc1 Bb7 20. Nd6 Qd8 21. Ra7 Bd5 22. Rcc7 Bc6 23. Nd4 Bxg2 24. Kxg2 Nxe5 25. fxe5 Bxe5 26. Rxe7 Qxd6 27. Nf3 Bg7 28. Rad7 Qc6 29. b3 Rbc8 30. Kf2 Qe4 31. Nd2 Qh1 32. Nf1 Qe4 33. Nd2 Qh1 34. Nf3 Qb1 35. Rd3 Rc2 36. Nd2 Qa2 37. Red7 Bc3 38. Qf3 Qxb3 39. Bh6 Qa2 40. Bxf8 Bxd2 41. Qxf7+ 1-0


[Site "https://www.chess.com"]

[Event "Titled Tuesday Blitz March 21 Early 2023"]
[White "Shevtchenko, Olesya"]
[Black "Loiacono, Antonio"]
[WhiteFideId "24131890"]
[BlackFideId "895415"]
[WhiteElo "2003"]
[BlackElo "2257"]
[Result "1-0"]
[Round "07"]
[TimeControl "180+2"]
[Date "2023.03.21"]
[WhiteClock "0:01:02"]
[BlackClock "0:00:13"]

1. e4 e5 2. Nf3 Nc6 3. Nc3 Nf6 4. d4 exd4 5. Nxd4 Bb4 6. Nxc6 bxc6 7. Bd3 O-O 8. O-O Re8 9. Qf3 h6 10. h3 d6 11. Bd2 Rb8 12. a3 Bc5 13. b4 Bd4 14. Rae1 Nd7 15. Ne2 Bf6 16. Qg3 Bh4 17. Qg4 Ne5 18. Qh5 Nxd3 19. cxd3 Ba6 20. Qf3 Bf6 21. Ng3 d5 22. exd5 Rxe1 23. Rxe1 Qxd5 24. Ne4 Bb2 25. Nc5 Qxf3 26. gxf3 Rb6 27. a4 Bd4 28. Re8+ Kh7 29. a5 Bxc5 30. axb6 Bxb6 31. Be3 Bxd3 32. Re7 Kg6 33. Bxb6 cxb6 34. Rxa7 c5 35. Rb7 cxb4 36. Rxb6+ Kg5 37. Rxb4 f5 38. f4+ Kh5 39. Kg2 g5 40. fxg5 hxg5 41. Kg3 Be4 42. f3 f4+ 43. Kf2 Bf5 44. Kg2 Kh4 45. Rb8 Kh5 46. Rh8+ Kg6 47. h4 g4 48. Rg8+ Kh5 49. Rg5+ Kxh4 50. Rxf5 1-0


[Site "https://www.chess.com"]

[Event "Titled Tuesday Blitz March 21 Early 2023"]
[White "Crevatin, Leo"]
[Black "Topalov, Aleksandar"]
[WhiteFideId "1726307"]
[BlackFideId "925659"]
[WhiteElo "2190"]
[BlackElo "2151"]
[Result "1-0"]
[Round "07"]
[TimeControl "180+2"]
[Date "2023.03.21"]
[WhiteClock "0:00:51"]
[BlackClock "0:01:31"]

1. e4 e6 2. d4 d5 3. Nc3 Bb4 4. exd5 exd5 5. Bd3 Be6 6. Ne2 Ne7 7. O-O O-O 8. Nf4 Bxc3 9. Nxe6 fxe6 10. bxc3 Nbc6 11. Qg4 Qd6 12. a4 e5 13. Ba3 Qf6 14. dxe5 Nxe5 15. Qb4 Nf5 16. Qxb7 c6 17. Bxf8 Rxf8 18. Bxf5 Qxf5 19. Qxa7 Ng4 20. h3 Ne5 21. Qe3 Nc4 22. Qd3 Qg5 23. Qg3 Qf5 24. Rfd1 h5 25. a5 Rf6 26. a6 Rg6 27. a7 1-0


[Site "https://www.chess.com"]

[Event "Titled Tuesday Blitz March 21 Early 2023"]
[White "Melikhov, Evgeny V."]
[Black "Yelisieiev, Yevhenii"]
[WhiteFideId "4122046"]
[BlackFideId "14139642"]
[WhiteElo "2158"]
[BlackElo "2447"]
[Result "1-0"]
[Round "07"]
[TimeControl "180+2"]
[Date "2023.03.21"]
[WhiteClock "0:00:36"]
[BlackClock "0:00:20"]

1. d4 d6 2. e4 Nf6 3. Bd3 e5 4. d5 Be7 5. c4 O-O 6. Nc3 Ne8 7. Be3 g6 8. Qd2 Ng7 9. f3 f5 10. Nge2 a5 11. O-O-O Na6 12. Kb1 b6 13. Nc1 Bd7 14. Nb5 Nc5 15. Bc2 fxe4 16. fxe4 Bxb5 17. cxb5 Qd7 18. Bd3 Nh5 19. g3 Nf6 20. Bxc5 dxc5 21. Rdf1 Ne8 22. Rxf8+ Bxf8 23. Rf1 Nd6 24. Qe2 a4 25. a3 Bh6 26. Na2 Qe7 27. Nc3 Rf8 28. Nxa4 Rxf1+ 29. Qxf1 Qg5 30. Nc3 Qd2 31. Qe2 Qc1+ 32. Ka2 Be3 33. Qf1 Qd2 34. Qe2 Qc1 35. Qf1 Qxf1 36. Bxf1 Bd4 37. Bd3 c4 38. Be2 Bxc3 39. bxc3 Nxb5 40. Bxc4 Nxc3+ 41. Kb3 Nxe4 42. d6+ Kf8 43. dxc7 Nd6 44. Ba6 Ke7 45. c8=Q Nxc8 46. Bxc8 Kd6 47. Kc4 Kc6 48. Be6 b5+ 49. Kb4 Kb6 50. Bd7 1-0


[Site "https://www.chess.com"]

[Event "Titled Tuesday Blitz March 21 Early 2023"]
[White "Zanette, Edgard Vinicius"]
[Black "Bodnaruk, Anastasia"]
[WhiteFideId "2109263"]
[BlackFideId "4181751"]
[WhiteElo "2211"]
[BlackElo "2310"]
[Result "0-1"]
[Round "07"]
[TimeControl "180+2"]
[Date "2023.03.21"]
[WhiteClock "0:00:16"]
[BlackClock "0:00:06"]

1. e4 c5 2. Nf3 d6 3. Bb5+ Bd7 4. Qe2 e5 5. Bc4 Nc6 6. c3 g6 7. O-O Bg7 8. a4 Nge7 9. d3 O-O 10. Nbd2 h6 11. Ba2 Kh7 12. Nc4 Be6 13. Nfd2 f5 14. exf5 Bxf5 15. Ne3 d5 16. Nxf5 Nxf5 17. Re1 Qd7 18. Nf1 Rae8 19. Ne3 Nce7 20. Bd2 b6 21. Bb3 Nh4 22. Qg4 Nhf5 23. Qe2 Rd8 24. Ng4 Nc6 25. Bc2 d4 26. c4 h5 27. h3 hxg4 28. hxg4 Nd6 29. Bg5 Rde8 30. f3 Nb4 31. Bb3 Bf6 32. Bd2 Nf7 33. a5 Bg5 34. axb6 axb6 35. Ba4 Nc6 36. Qe4 Rc8 37. Re2 Bxd2 38. Rxd2 Nd6 39. Qd5 Rfd8 40. Re1 Nf7 41. Qe4 Kg7 42. Rde2 Qd6 43. g5 Nxg5 44. Qg4 Nf7 45. f4 exf4 46. Bxc6 Rxc6 47. Re6 Re8 48. Rxd6 Rxe1+ 49. Kf2 Rxd6 50. Kxe1 Ne5 51. Qxf4 Nxd3+ 52. Kd2 Nxf4 53. b4 Ne6 54. bxc5 bxc5 55. g4 Ra6 56. g5 Nxg5 57. Kd3 Nf7 58. Ke4 Kf6 59. Kd5 Ra3 60. Kxc5 d3 61. Kd4 d2 62. c5 d1=Q+ 63. Kc4 Rb3 0-1


[Site "https://www.chess.com"]

[Event "Titled Tuesday Blitz March 21 Early 2023"]
[White "Borgaonkar Akshay"]
[Black "Van Osch, Mees"]
[WhiteFideId "25639110"]
[BlackFideId "1035967"]
[WhiteElo "2063"]
[BlackElo "2324"]
[Result "0-1"]
[Round "07"]
[TimeControl "180+2"]
[Date "2023.03.21"]
[WhiteClock "0:00:06"]
[BlackClock "0:00:16"]

1. Nf3 Nf6 2. b3 d5 3. Bb2 c5 4. e3 Nc6 5. Bb5 Bg4 6. O-O Rc8 7. c4 e6 8. cxd5 exd5 9. d4 a6 10. Be2 Be7 11. dxc5 Bxc5 12. Nc3 O-O 13. Rc1 Bd6 14. h3 Bh5 15. Kh1 Ne7 16. Nd4 Bxe2 17. Qxe2 Re8 18. Rfd1 Bb8 19. Qf3 Qd6 20. g3 Ng6 21. Nf5 Qe5 22. Na4 Qe4 23. Qxe4 Nxe4 24. Kg2 Rxc1 25. Rxc1 Be5 26. Bxe5 Nxe5 27. Nc5 g6 28. Nxe4 dxe4 29. Nd6 Rd8 30. Nxe4 f5 31. Ng5 Rd2 32. Rc8+ Kg7 33. Rc7+ Rd7 34. Rxd7+ Nxd7 35. Ne6+ Kf6 36. Nd4 Nc5 37. Kf3 Nd3 38. Ke2 Nc1+ 39. Kd2 Nxa2 40. Nc2 Ke5 41. f3 Kd5 42. Kd3 a5 43. Ne1 Nb4+ 44. Kc3 b5 45. Ng2 g5 46. h4 h6 47. hxg5 hxg5 48. Ne1 Na2+ 49. Kd2 Nb4 50. Kc3 Nc6 51. f4 g4 52. Nd3 b4+ 53. Kd2 Ke4 54. Ke2 Na7 55. Nc5+ Kd5 56. Nd7 Nc6 57. Nb6+ Kc5 58. Na4+ Kd6 59. Kd3 Kd5 60. Nb6+ Kc5 61. Nd7+ Kb5 62. Kc2 a4 63. bxa4+ Kxa4 64. Nc5+ Kb5 65. Ne6 Kc4 66. Ng7 Ne7 67. Ne6 Nd5 68. Kd2 b3 69. Ng7 b2 70. Kc2 Nxe3+ 71. Kxb2 Kd3 72. Kb3 Ke4 73. Kc3 Nf1 74. Nh5 Kf3 75. Ng7 Nxg3 76. Kd2 Kxf4 77. Ke1 Ne4 78. Kf1 Nc5 79. Kg2 Kg5 80. Ne8 f4 81. Nd6 f3+ 82. Kg3 Kh5 83. Nf5 Ne4+ 84. Kh2 Kg5 85. Ne3 Kf4 86. Nd5+ Ke5 87. Ne3 g3+ 88. Kg1 Kf4 89. Nd5+ Ke5 90. Ne3 Kf4 91. Nd5+ Kg4 92. Ne3+ Kh3 93. Ng2 f2+ 94. Kf1 Nd2+ 95. Ke2 f1=Q+ 96. Ke3 Qxg2 97. Kd4 Nf1 98. Kc3 Qf2 99. Kd3 Ne3 100. Ke4 Nf5 101. Ke5 Ne7 102. Ke6 Ng8 103. Kd7 Nh6 104. Ke8 Ng4 0-1


[Site "https://www.chess.com"]

[Event "Titled Tuesday Blitz March 21 Early 2023"]
[White "sebastianmarinp"]
[Black "Mackster23"]
[WhiteElo "2290"]
[BlackElo "2534"]
[Result "0-1"]
[Round "07"]
[TimeControl "180+2"]
[Date "2023.03.21"]
[WhiteClock "0:00:02"]
[BlackClock "0:00:07"]

1. e4 e6 2. d4 d5 3. Nc3 Bb4 4. e5 c5 5. a3 Bxc3+ 6. bxc3 Qa5 7. Bd2 Qa4 8. Nf3 Nc6 9. Rb1 c4 10. Ng5 Qxa3 11. Qh5 g6 12. Qf3 Qe7 13. Be2 h6 14. Nh3 b6 15. Nf4 Bb7 16. O-O O-O-O 17. Ra1 Kb8 18. Bc1 Qd7 19. Ba3 Nge7 20. Bd6+ Ka8 21. Ra2 Nf5 22. Ba3 h5 23. Nh3 Rdg8 24. Ng5 Rg7 25. Qf4 h4 26. Bg4 Nce7 27. Rfa1 a5 28. Bf3 Bc6 29. Bb4 Kb7 30. Ba3 a4 31. Rb1 b5 32. Bb4 Ka6 33. Be2 Nc8 34. Bf1 Nb6 35. g4 hxg3 36. fxg3 Qd8 37. h4 Rh5 38. Be2 Rh8 39. Kg2 Qd7 40. Rh1 Qc7 41. Qf2 Qd7 42. g4 Nh6 43. Qf4 Ng8 44. Kg3 Qe8 45. Raa1 Nc8 46. Raf1 Nce7 47. Nxf7 Nf5+ 48. gxf5 Rxf7 49. f6 Nh6 50. Bg4 Nf5+ 51. Bxf5 gxf5 52. Kf3 Rg8 53. Rfg1 Rh7 54. Rxg8 Qxg8 55. Qg5 Qxg5 56. hxg5 Rxh1 57. f7 Rh8 58. g6 Be8 59. g7 Rh3+ 60. Kg2 Bxf7 61. Kxh3 Kb7 62. Kh4 Kc7 63. Kg5 Kd7 64. Kf6 Ke8 65. Kg5 Bg8 66. Kf6 Bh7 67. Kxe6 f4 68. Kxd5 f3 0-1


[Site "https://www.chess.com"]

[Event "Titled Tuesday Blitz March 21 Early 2023"]
[White "Reprintsev, Alexander"]
[Black "Jaivardhan Raj"]
[WhiteFideId "14100541"]
[BlackFideId "25744437"]
[WhiteElo "2229"]
[BlackElo "1772"]
[Result "1-0"]
[Round "07"]
[TimeControl "180+2"]
[Date "2023.03.21"]
[WhiteClock "0:00:18"]
[BlackClock "0:00:02"]

1. e4 c5 2. b3 b6 3. d4 d6 4. Bb2 Qc7 5. Nf3 Bb7 6. Nc3 a6 7. Be2 Nd7 8. O-O e6 9. Qd2 Ngf6 10. Qf4 Be7 11. dxc5 Nxc5 12. Rad1 e5 13. Qg3 Nh5 14. Qh3 Nf4 15. Qg4 Nxe4 16. Nxe4 Bxe4 17. Bd3 Bxd3 18. cxd3 Bf6 19. d4 O-O 20. Rfe1 Ng6 21. Rc1 Qe7 22. Rc6 b5 23. Qe4 Rfe8 24. g3 exd4 25. Qxe7 Nxe7 26. Rxd6 Nf5 27. Rxe8+ Rxe8 28. Rxa6 d3 29. Bxf6 gxf6 30. Rxf6 Nd4 31. Nd2 Re2 32. Rd6 Rxd2 33. Rxd4 Rd1+ 34. Kg2 d2 35. Kf3 Ra1 36. Rxd2 b4 37. Ke4 Re1+ 38. Kd4 Re8 39. Kc4 Rb8 40. Rd5 Ra8 41. Rd2 Rb8 42. h4 Kf8 43. Re2 Kg7 44. g4 h6 45. f4 Kg6 46. h5+ Kg7 47. Rd2 Kf6 48. Rd6+ Kg7 49. Ra6 Kh7 50. Ra4 Re8 51. Kxb4 Re4+ 52. Kc5 Re3 53. b4 Rc3+ 54. Kd6 Rc4 55. Ke5 Kg7 56. a3 f6+ 57. Kf5 Rc7 58. Ra6 Rb7 59. Ke4 Re7+ 60. Kf3 Rd7 61. b5 Rd3+ 62. Ke4 Rb3 63. a4 Rb4+ 64. Kf5 Rc4 65. Ra7+ Kf8 66. b6 Rc5+ 67. Kg6 Rc8 68. Rh7 Kg8 69. b7 Rb8 70. Rc7 Kf8 71. Rc8+ Ke7 72. Rxb8 Ke6 73. Re8+ Kd7 74. b8=Q f5 75. Qc8+ Kd6 76. Rd8+ Ke7 77. Qc7+ Ke6 78. Rd6# 1-0


[Site "https://www.chess.com"]

[Event "Titled Tuesday Blitz March 21 Early 2023"]
[White "Avazkhonov, Alikhon"]
[Black "HSH1987"]
[WhiteFideId "14208504"]
[WhiteElo "1739"]
[BlackElo "2673"]
[Result "0-1"]
[Round "07"]
[TimeControl "180+2"]
[Date "2023.03.21"]
[WhiteClock "0:00:04"]
[BlackClock "0:00:12"]

1. d4 Nf6 2. c4 c5 3. d5 b5 4. cxb5 a6 5. e3 g6 6. Nc3 Bg7 7. Nf3 O-O 8. bxa6 Bxa6 9. Bxa6 Nxa6 10. O-O d6 11. e4 Qb6 12. Nd2 Rfb8 13. Nc4 Qb4 14. Qd3 Nd7 15. a3 Qb7 16. Na5 Ne5 17. Qe2 Qb6 18. Nc4 Nxc4 19. Qxc4 Nc7 20. Rb1 Qb3 21. Qxb3 Rxb3 22. Bd2 Rab8 23. Na4 Nb5 24. Ra1 Ra8 25. Nb6 Ra6 26. a4 Bxb2 27. Ra2 Rxb6 28. axb5 R6xb5 29. Bh6 Bg7 30. Bg5 Bf6 31. Bxf6 exf6 32. Ra6 Rb6 33. Ra8+ Kg7 34. f4 Re3 35. Re8 Rb2 36. Rd8 Ree2 37. Ra1 Rxg2+ 38. Kf1 Rxh2 39. Kg1 Rbg2+ 40. Kf1 Rf2+ 41. Kg1 Rfg2+ 42. Kf1 Kh6 43. Rxd6 Kh5 44. Rxf6 Kg4 45. Rxf7 c4 46. d6 c3 47. d7 Kf3 0-1


[Site "https://www.chess.com"]

[Event "Titled Tuesday Blitz March 21 Early 2023"]
[White "Gubajdullin, Alexei"]
[Black "Szyszylo, Rafal"]
[WhiteFideId "4141202"]
[BlackFideId "1109626"]
[WhiteElo "2267"]
[BlackElo "1951"]
[Result "1-0"]
[Round "07"]
[TimeControl "180+2"]
[Date "2023.03.21"]
[WhiteClock "0:00:39"]
[BlackClock "0:00:02"]

1. d4 g6 2. Nf3 Bg7 3. Bf4 d6 4. e3 Nd7 5. h3 e5 6. Bh2 Nh6 7. Be2 Qe7 8. O-O O-O 9. Nc3 e4 10. Nd2 f5 11. Nd5 Qd8 12. c4 c6 13. Nf4 Nf6 14. d5 Qe7 15. Qb3 c5 16. f3 g5 17. Ne6 Bxe6 18. dxe6 Qxe6 19. fxe4 Nxe4 20. Nxe4 Qxe4 21. Bf3 Qe7 22. Bxb7 Rab8 23. Bd5+ Kh8 24. Qd3 Rxb2 25. Rab1 Rfb8 26. Rxb2 Rxb2 27. Rf2 Rxf2 28. Kxf2 Be5 29. g3 g4 30. h4 Kg7 31. Kg2 Nf7 32. Qxf5 h5 33. Qxh5 Nh6 34. Be4 Qf6 35. Qe8 Ba1 36. Qd7+ Kf8 37. Qb7 Nf7 38. Bg1 Qc3 39. Bf2 Qxc4 40. Bd5 Qxd5+ 41. Qxd5 Be5 42. Qe6 1-0


[Site "https://www.chess.com"]

[Event "Titled Tuesday Blitz March 21 Early 2023"]
[White "ArtemDyachuk"]
[Black "Do Nascimento,Christian Almeida"]
[BlackFideId "2143801"]
[WhiteElo "2381"]
[BlackElo "2125"]
[Result "0-1"]
[Round "07"]
[TimeControl "180+2"]
[Date "2023.03.21"]
[WhiteClock "0:00:01"]
[BlackClock "0:01:03"]

1. Nf3 d5 2. c4 d4 3. b4 Nf6 4. Bb2 c5 5. bxc5 Nc6 6. e3 e5 7. d3 Bxc5 8. e4 O-O 9. Nbd2 Bg4 10. h3 Bh5 11. g4 Bg6 12. Nh4 Nd7 13. Nf5 Bb4 14. Bg2 Qg5 15. h4 Qf4 16. Bc1 Nc5 17. Qe2 Bxf5 18. gxf5 Bc3 19. Kd1 Qh6 20. Nf3 Qd6 21. h5 Bxa1 22. Nh4 Nb4 23. h6 g6 24. Rh3 Bc3 25. Rg3 Qa6 26. Qh5 Qxa2 27. Nxg6 Qc2# 0-1


[Site "https://www.chess.com"]

[Event "Titled Tuesday Blitz March 21 Early 2023"]
[White "Kozin, Yuri"]
[Black "Krzywda, Andrzej"]
[WhiteFideId "4129920"]
[BlackFideId "1114565"]
[WhiteElo "2520"]
[BlackElo "2155"]
[Result "0-1"]
[Round "07"]
[TimeControl "180+2"]
[Date "2023.03.21"]
[WhiteClock "0:00:01"]
[BlackClock "0:00:11"]

1. e4 c6 2. d4 d5 3. exd5 cxd5 4. c4 Nf6 5. Nc3 Nc6 6. Bg5 g6 7. Bxf6 exf6 8. cxd5 Ne7 9. Qa4+ Bd7 10. Qb3 Bg7 11. Nf3 O-O 12. Be2 Bg4 13. O-O Nf5 14. Rad1 Re8 15. h3 Bxf3 16. Bxf3 Nd6 17. Nb5 f5 18. Nxd6 Qxd6 19. Qxb7 Rec8 20. Rc1 Rcb8 21. Qc6 Bf8 22. Qxd6 Bxd6 23. b3 a5 24. Rc6 Rd8 25. g3 a4 26. Rb1 Rab8 27. Kg2 Rb4 28. Rc4 Rdb8 29. Rbc1 axb3 30. axb3 Rxb3 31. Rc8+ Kg7 32. R1c6 Rxc8 33. Rxc8 Rb8 34. Rc6 Rd8 35. Kf1 h5 36. Ke2 Kf6 37. Kd3 Ke7 38. Ra6 Rd7 39. Bd1 Rc7 40. Ba4 Rb7 41. Bc6 Rc7 42. Rb6 g5 43. Ke3 g4 44. h4 Rc8 45. Ra6 Rc7 46. Ra8 Bb4 47. Rh8 Ra7 48. Rxh5 Kf6 49. Rh6+ Kg7 50. Rh5 Kf6 51. Rh8 Ra3+ 52. Ke2 Ra2+ 53. Kf1 Rd2 54. Rb8 Rxd4 55. h5 Kg7 56. Rb6 Bc5 57. Rb5 Ba7 58. Ra5 Bb6 59. Ra6 Bc5 60. Bb7 Rd2 61. Ke1 Rb2 62. h6+ Kh7 63. Bc8 Rxf2 64. Rc6 Ba7 65. d6 f4 66. gxf4 g3 0-1


[Site "https://www.chess.com"]

[Event "Titled Tuesday Blitz March 21 Early 2023"]
[White "Fule, Simon"]
[Black "Ljukin, Sergei"]
[WhiteFideId "787515"]
[BlackFideId "14102200"]
[WhiteElo "2375"]
[BlackElo "2312"]
[Result "0-1"]
[Round "07"]
[TimeControl "180+2"]
[Date "2023.03.21"]
[WhiteClock "0:00:07"]
[BlackClock "0:00:06"]

1. e4 e6 2. d4 d5 3. Nc3 Bb4 4. e5 Ne7 5. a3 Bxc3+ 6. bxc3 c5 7. Qg4 Qc7 8. Qxg7 Rg8 9. Qxh7 cxd4 10. Ne2 Nbc6 11. f4 Bd7 12. h4 dxc3 13. h5 O-O-O 14. Qd3 d4 15. Nxd4 Nxd4 16. Qxd4 b6 17. Qf2 Nf5 18. Rh3 Kb8 19. Bd3 Bc6 20. g3 Qd7 21. Be3 Bb5 22. Bxf5 exf5 23. h6 Qd5 24. h7 Rh8 25. Rh6 Qe4 26. Rd1 Bd3 27. cxd3 c2 28. Rc1 Rxd3 29. Rxc2 Rxe3+ 30. Re2 Qb1+ 31. Kd2 Rb3 32. Qd4 Qa2+ 33. Ke1 Rb1+ 34. Kf2 Qxa3 35. Qd6+ Qxd6 36. exd6 Rd1 37. Re7 Rd2+ 38. Ke3 Rd5 39. Rxf7 b5 40. Rg7 Rc5 41. Rg8+ Rc8 42. Rxc8+ Kxc8 43. Kd4 Kd7 44. Ke5 b4 45. Kxf5 b3 46. Kg6 a5 47. Kg7 b2 48. Rh1 Rb8 49. h8=Q Rxh8 50. Kxh8 a4 51. f5 a3 52. f6 a2 53. f7 a1=Q 54. f8=Q b1=Q+ 55. Kg8 Qb3+ 56. Qf7+ Qxf7+ 57. Kxf7 Qxh1 0-1


[Site "https://www.chess.com"]